 Dungeon Crawl Stone Soup version 0.21-a0-110-g8e1637b (webtiles) character file.

19373 slavetoarmok the Fighter (level 12, -3/128 (130) HPs)
             Began as an Ogre Fire Elementalist on July 10, 2017.
             Was an Elder of Elyvilon.
             Slain by a komodo dragon (9 damage)
             ... on level 1 of the Lair of Beasts on July 11, 2017.
             The game lasted 00:56:18 (23753 turns).

slavetoarmok the Fighter (Ogre Fire Elementalist)  Turns: 23753, Time: 00:56:19

HP:   -3/128 (130)  AC:  4    Str: 19    XL:     12   Next: 68%
MP:   8/31          EV: 15    Int: 18    God:    Elyvilon [****..]
Gold: 840           SH:  0    Dex: 14    Spells: 15/25 levels left

rFire    + + .     SeeInvis .   C - +1 mace of Oxumnop {speed, rElec rF+ Int+2}
rCold    . . .     Gourm    .   (no shield)
rNeg     . . .     Faith    .   j - +0 robe {rF+}
rPois    .         Spirit   .   d - +1 hat
rElec    +         Reflect  .   (no cloak)
rCorr    .         Harm     .   (gloves unavailable)
MR       +....                  (boots unavailable)
Stlth    ++........             (no amulet)
HPRegen  0.31/turn              i - ring of magical power
MPRegen  0.22/turn              h - +5 ring of dexterity

@: very slightly contaminated
A: unfitting armour, horns 2, tough skin 1
a: Lesser Healing, Heal Other, Purification, Greater Healing, Divine Protection,
Renounce Religion


You were on level 1 of the Lair of Beasts.
You worshipped Elyvilon.
Elyvilon was greatly pleased with you.
You were very hungry.

You visited 2 branches of the dungeon, and saw 13 of its levels.

You collected 840 gold pieces.

Inventory:

Hand Weapons
 C - the +1 mace of Oxumnop (weapon) {speed, rElec rF+ Int+2}
   (You found it on level 4 of the Dungeon)

   Attacks with this weapon are significantly faster.
   It affects your intelligence (+2).
   It protects you from fire.
   It insulates you from electricity.
 I - a +0 giant club
 L - a cursed -1 giant spiked club
Missiles
 V - 4 large rocks (quivered)
Armour
 d - a +1 hat (worn)
 j - a +0 robe of fire resistance (worn)
Magical Staves
 P - an uncursed staff of cold {unknown}
Jewellery
 h - a +5 ring of dexterity (right hand)
 i - a ring of magical power (left hand)
Wands
 m - a wand of paralysis (10/24)
 p - a wand of iceblast (6/15)
 M - a wand of random effects (29/48)
 T - a wand of iceblast (11/15)
 U - a wand of confusion (20/48)
 W - a wand of paralysis (13/24)
 Y - a wand of lightning (7/15)
Scrolls
 a - a scroll of random uselessness {unknown}
 e - 2 scrolls of recharging
 f - 2 scrolls of blinking
 o - 5 scrolls of remove curse
 q - a scroll of immolation
 t - 2 scrolls of enchant armour {unknown}
 y - a scroll of enchant weapon {unknown}
 B - 2 scrolls of fear {unknown}
 F - a scroll of noise {unknown}
 G - 3 scrolls of teleportation {unknown}
 J - a scroll of brand weapon {unknown}
 O - a scroll of fog {unknown}
 S - 2 scrolls of amnesia {unknown}
Potions
 g - a potion of lignification {unknown}
 k - 2 potions of berserk rage
 n - 4 potions of brilliance
 s - 2 potions of degeneration {unknown}
 v - a potion of haste
 w - 2 potions of magic
 x - 2 potions of heal wounds {unknown}
 z - 4 potions of flight
 A - 3 potions of curing {unknown}
 D - 2 potions of resistance {unknown}
 E - 3 potions of might {unknown}
 N - 2 potions of agility {unknown}
 Q - a potion of invisibility {unknown}
Books
 b - a book of Flames

   Spells                             Type                      Level
   a - Flame Tongue                   Conjuration/Fire             1
   b - Throw Flame                    Conjuration/Fire             2
   c - Conjure Flame                  Conjuration/Fire             3
   d - Inner Flame                    Hexes/Fire                   3
   e - Sticky Flame                   Conjuration/Fire             4
   f - Fireball                       Conjuration/Fire             5
 l - a book of Party Tricks

   Spells                             Type                      Level
   a - Summon Butterflies             Summoning                    1
   b - Apportation                    Translocation                1
   c - Lesser Beckoning               Translocation                3
   d - Tukima's Dance                 Hexes                        3
   e - Alistair's Intoxication        Transmutation/Poison         5
   f - Invisibility                   Hexes                        6
 u - a book of Cantrips

   Spells                             Type                      Level
   a - Confusing Touch                Hexes                        1
   b - Animate Skeleton               Necromancy                   1
   c - Summon Small Mammal            Summoning                    1
   d - Apportation                    Translocation                1
 K - a book of Maledictions

   Spells                             Type                      Level
   a - Corona                         Hexes                        1
   b - Ensorcelled Hibernation        Hexes/Ice                    2
   c - Confuse                        Hexes                        3
   d - Tukima's Dance                 Hexes                        3
   e - Dazzling Spray                 Conjuration/Hexes            3
 R - a book of Frost

   Spells                             Type                      Level
   a - Freeze                         Ice                          1
   b - Throw Frost                    Conjuration/Ice              2
   c - Ozocubu's Armour               Charms/Ice                   3
   d - Throw Icicle                   Conjuration/Ice              4
   e - Summon Ice Beast               Ice/Summoning                4
Comestibles
 c - 4 bread rations
 r - 5 meat rations
 H - 3 fruits
 Z - 2 royal jellies


   Skills:
 + Level 11.6 Fighting
 + Level 8.2 Maces & Flails
 - Level 3.2 Throwing
 + Level 8.6 Dodging
 - Level 1.4 Stealth
 - Level 7.0 Spellcasting
 - Level 5.0 Conjurations
 - Level 6.2 Fire Magic
 + Level 9.2 Invocations


You had 15 spell levels left.
You knew the following spells:

 Your Spells              Type           Power        Failure   Level  Hunger
a - Flame Tongue          Conj/Fire      ####.        1%          1    None
b - Throw Flame           Conj/Fire      ####..       1%          2    None
c - Conjure Flame         Conj/Fire      ####....     3%          3    ##.....
d - Sticky Flame          Conj/Fire      ####....     11%         4    ####...


Dungeon Overview and Level Annotations

Branches:
Dungeon (12/15)            Temple (0/1) D:7            Lair (1/6) D:10
    Orc (0/2) D:11

Altars:
Dithmenos
Elyvilon
Fedhas
Nemelex Xobeh
Trog
Xom
Beogh

Annotations:
D:2 1 runed door
D:8 cerealjynx's ghost, novice CeHu


Innate Abilities, Weirdness & Mutations

You are too large for most types of armour.
You have tough skin. (AC +1)
You have a pair of horns on your head.


Message History

The komodo dragon is moderately wounded.
The komodo dragon is covered in liquid flames!
The komodo dragon burns!
The komodo dragon bites you!!
* * * LOW HITPOINT WARNING * * *
The komodo dragon burns!
The komodo dragon burns!
The komodo dragon burns!
The komodo dragon stops burning.
The komodo dragon bites you!
* * * LOW HITPOINT WARNING * * *
Casting: Sticky Flame
Confirm with . or Enter, or press ? or * to list all spells.
Aiming: Sticky Flame
Press: ? - help, Shift-Dir - straight line, f/p - komodo dragon
Aim: a komodo dragon (severely wounded)
The sticky flame hits the komodo dragon.
The komodo dragon is severely wounded.
The komodo dragon is covered in liquid flames!
You are feeling very hungry.
The komodo dragon burns!
The komodo dragon bites you!
You die...

..## #..#### #.... .#.#
#..## ##.#.. .### ##..#
#####.####. .# #..#
#.......... .## #####.+#####
P.......... .P# #..........#
##.......... .##
#.[........#####...........
.#
#..........l...............
.#
##.........@+.####..........
.# #............##
#...#.#.### .#
###.####.+#### ##.....#
.##### #.#.##..# ##.....#
'#...###......## #....#...#
..≈≈≈..#.###### #..####..#
.≈≈≈≈≈..'##.###### #.## ..
.≈≈≈≈≈≈.......(..# ##.# .
.≈≈≈≈≈≈≈.........+..##.†#


You could see a komodo dragon (burning).

Vanquished Creatures
  A hydra (D:10)
  2 two-headed ogres
  5 skeletal warriors (D:9)
  An unseen horror (D:10)
  A manticore (D:10)
  Joseph (D:8)
  A black mamba (Lair:1)
  A spiny frog (Lair:1)
  4 komodo dragons
  A troll (D:10)
  Prince Ribbit (D:9)
  A blink frog (D:10)
  A hornet (D:10)
  A dream sheep (D:10)
  4 hippogriffs
  13 yaks
  A wyvern (D:12)
  A shadow (D:11)
  Eustachio (D:4)
  3 water moccasins
  3 porcupines (Lair:1)
  4 orc warriors
  3 ice beasts
  6 sky beasts
  A phantom (D:7)
  8 ogres
  3 black bears
  10 centaurs
  2 necrophages
  A crocodile (Lair:1)
  2 big kobolds
  8 bullfrogs
  A wyvern skeleton (D:10)
  7 scorpions
  6 killer bees
  A howler monkey (D:5)
  5 crimson imps
  A quasit (D:10)
  A bullfrog zombie (D:9)
  2 jellies
  10 hounds
  12 orc wizards
  7 orc priests
  3 centaur skeletons
  5 iguanas
  Natasha (twice) (D:2)
  4 worker ants
  5 hound skeletons
  Robin (D:1)
  A howler monkey zombie (D:8)
  7 gnolls (D:4)
  14 adders
  3 shadow imps
  A white imp (D:5)
  5 adder zombies
  An adder skeleton (D:4)
  4 worms
  3 dart slugs
  6 leopard geckos
  78 orcs
  2 ball pythons
  7 giant cockroaches
  9 hobgoblins
  9 jackals
  3 quokkas
  8 bats
  A frilled lizard (D:1)
  16 goblins
  22 kobolds
  2 quokka skeletons
  32 rats
  2 butterflies (Lair:1)
  A plant (D:2)
406 creatures vanquished.

Vanquished Creatures (others)
  A fungus (Lair:1)
  A plant (Lair:1)
2 creatures vanquished.

Grand Total: 408 creatures vanquished

Notes
Turn   | Place    | Note
-------+----------+-------------------------------------------
     0 | D:1      | slavetoarmok the Ogre Fire Elementalist began the quest for the Orb.
     0 | D:1      | Reached XP level 1. HP: 16/16 MP: 3/3
   132 | D:1      | Reached skill level 1 in Conjurations
   184 | D:1      | Reached XP level 2. HP: 24/24 MP: 1/5
   689 | D:2      | Reached XP level 3. HP: 31/31 MP: 3/7
   696 | D:2      | Noticed Robin
   776 | D:1      | Killed Robin
  1262 | D:2      | Reached XP level 4. HP: 38/39 MP: 6/8
  1488 | D:2      | Noticed Natasha
  1496 | D:2      | Killed Natasha
  1870 | D:2      | Reached XP level 5. HP: 35/45 MP: 10/10
  2062 | D:2      | Noticed Natasha
  2067 | D:2      | Killed Natasha
  2093 | D:2      | Found a runed door.
  2235 | D:2      | Learned a level 2 spell: Throw Flame
  2239 | D:2      | Learned a level 3 spell: Conjure Flame
  2244 | D:2      | Learned a level 4 spell: Sticky Flame
  3132 | D:3      | Reached XP level 6. HP: 8/53 MP: 0/12
  3449 | D:3      | Found a faded altar of an unknown god.
  3449 | D:3      | Found a shimmering altar of Xom.
  3454 | D:3      | Found a blossoming altar of Fedhas.
  3456 | D:3      | Found a sparkling altar of Nemelex Xobeh.
  3458 | D:3      | Found a shadowy altar of Dithmenos.
  3779 | D:4      | Found a shimmering altar of Xom.
  4287 | D:4      | Noticed Eustachio
  4592 | D:4      | Killed Eustachio
  4592 | D:4      | Reached XP level 7. HP: 48/59 MP: 1/14
  4983 | D:4      | Reached skill level 5 in Spellcasting
  4983 | D:4      | Reached skill level 5 in Fire Magic
  5290 | D:5      | Entered Level 5 of the Dungeon
  5546 | D:5      | Reached XP level 8. HP: 67/67 MP: 13/16
  6137 | D:6      | Reached skill level 5 in Conjurations
  6359 | D:6      | Found a white marble altar of Elyvilon.
  6498 | D:6      | Reached skill level 1 in Fighting
  6509 | D:6      | Became a worshipper of Elyvilon the Healer
  6844 | D:6      | Noticed a moth of wrath
  6847 | D:6      | Found a bloodstained altar of Trog.
  6999 | D:6      | Reached skill level 1 in Maces & Flails
  7329 | D:7      | Reached skill level 2 in Fighting
  7468 | D:7      | Reached skill level 3 in Fighting
  7785 | D:7      | Reached XP level 9. HP: 26/83 MP: 13/19
  8064 | D:7      | Found a staircase to the Ecumenical Temple.
  8181 | D:7      | Reached skill level 4 in Fighting
  8685 | D:7      | Reached * piety under Elyvilon
  8907 | D:7      | Reached skill level 1 in Throwing
  9245 | D:8      | Noticed a two-headed ogre
  9262 | D:7      | Killed a two-headed ogre
  9262 | D:7      | Reached skill level 5 in Fighting
  9787 | D:8      | Noticed cerealjynx's ghost (novice CeHu)
  9955 | D:7      | Gained mutation: You occasionally shout uncontrollably at your foes. [mutagenic meat]
  9956 | D:7      | Gained mutation: Your movements are slightly less encumbered by armour. (ER -2) [mutagenic meat]
  9957 | D:7      | Gained mutation: Your spells are a little easier to cast, but a little less powerful. [mutagenic meat]
  9959 | D:7      | Gained mutation: Your muscles are strong. (Str +2) [mutagenic meat]
 10005 | D:7      | Reached skill level 6 in Fighting
 10273 | D:8      | HP: 3/89 [cerealjynx's ghost (10)]
 10758 | D:8      | Reached XP level 10. HP: 48/98 MP: 20/20
 11411 | D:8      | Found a roughly hewn altar of Beogh.
 11568 | D:8      | Lost mutation: Your muscles are strong. (Str +2) [potion of mutation]
 11568 | D:8      | Lost mutation: Your spells are a little easier to cast, but a little less powerful. [potion of mutation]
 11568 | D:8      | Gained mutation: You have a pair of small antennae on your head. [potion of mutation]
 11568 | D:8      | Gained mutation: You have sharp toenails. [potion of mutation]
 11568 | D:8      | Gained mutation: Your system is resistant to poisons. (rPois) [potion of mutation]
 11569 | D:8      | Lost mutation: Your movements are slightly less encumbered by armour. (ER -2) [potion of mutation]
 11569 | D:8      | Lost mutation: You occasionally shout uncontrollably at your foes. [potion of mutation]
 11569 | D:8      | Lost mutation: Your system is resistant to poisons. (rPois) [potion of mutation]
 11569 | D:8      | Lost mutation: You have a pair of small antennae on your head. [potion of mutation]
 11569 | D:8      | Gained mutation: Potions are less effective at restoring your health. [potion of mutation]
 11569 | D:8      | Gained mutation: Your natural rate of healing is unusually fast. [potion of mutation]
 11570 | D:8      | Lost mutation: Your natural rate of healing is unusually fast. [potion of mutation]
 11570 | D:8      | Lost mutation: You have sharp toenails. [potion of mutation]
 11570 | D:8      | Lost mutation: Potions are less effective at restoring your health. [potion of mutation]
 11570 | D:8      | Gained mutation: You have a pair of small horns on your head. [potion of mutation]
 11570 | D:8      | Gained mutation: You have a pair of horns on your head. [potion of mutation]
 12133 | D:4      | Got a slimy mace
 12134 | D:4      | Identified the cursed +1 mace of Oxumnop {speed, rElec rF+ Int+2} (You found it on level 4 of the Dungeon)
 12271 | D:8      | Noticed Joseph
 12281 | D:8      | Killed Joseph
 12281 | D:8      | Reached skill level 5 in Dodging
 12707 | D:8      | Reached ** piety under Elyvilon
 12971 | D:9      | Noticed Prince Ribbit
 12980 | D:9      | Killed Prince Ribbit
 12980 | D:9      | Reached skill level 7 in Fighting
 13043 | D:9      | Noticed a two-headed ogre
 13058 | D:9      | Killed a two-headed ogre
 13058 | D:9      | Reached skill level 5 in Invocations
 13296 | D:9      | Reached skill level 5 in Maces & Flails
 13621 | D:9      | Noticed a skeletal warrior
 13644 | D:9      | Killed a skeletal warrior
 13644 | D:9      | Reached skill level 8 in Fighting
 13846 | D:9      | Noticed a skeletal warrior
 13847 | D:9      | Noticed a skeletal warrior
 13847 | D:9      | Noticed a skeletal warrior
 13868 | D:9      | Killed a skeletal warrior
 13868 | D:9      | Reached XP level 11. HP: 79/113 MP: 21/21
 13903 | D:9      | Elyvilon protects you from harm!
 14324 | D:9      | Killed a skeletal warrior
 14532 | D:9      | Killed a skeletal warrior
 14532 | D:9      | Reached skill level 9 in Fighting
 14907 | D:9      | Noticed a skeletal warrior
 14937 | D:9      | Killed a skeletal warrior
 15215 | D:10     | Entered Level 10 of the Dungeon
 15852 | D:10     | Reached *** piety under Elyvilon
 15919 | D:10     | Found a staircase to the Lair.
 16231 | D:10     | Found a runed door.
 16274 | D:10     | You fall through a shaft!
 16712 | D:10     | Reached **** piety under Elyvilon
 17392 | D:10     | Noticed an unseen horror
 17396 | D:10     | Killed an unseen horror
 17396 | D:10     | Reached skill level 10 in Fighting
 18325 | D:10     | Paralysed by a hornet for 2 turns
 18331 | D:10     | Paralysed by a hornet for 2 turns
 18743 | D:10     | Found a roughly hewn altar of Beogh.
 18752 | D:10     | Got a thick robe
 18763 | D:10     | Identified the +0 robe of Least Resistance {-Cast MR+ Regen+ Str+3} (You found it on level 10 of the Dungeon)
 18823 | D:11     | Noticed a five-headed hydra
 18846 | D:10     | Killed a five-headed hydra
 18846 | D:10     | Reached XP level 12. HP: 44/126 MP: 22/22
 19734 | D:11     | Elyvilon protects you from harm!
 21386 | D:11     | Found a shadowy altar of Dithmenos.
 21955 | D:11     | Reached skill level 11 in Fighting
 22111 | D:11     | Found a staircase to the Orcish Mines.
 22197 | Lair:1   | Entered Level 1 of the Lair of Beasts
 23751 | Lair:1   | HP: 5/128 [komodo dragon (10)]
 23753 | Lair:1   | Slain by a komodo dragon

Vault maps used:
D:1:      minmay_arrival_cross
D:2:      first_bread, lexackson_kobold_supper, uniq_natasha, uniq_robin,
          uniq_crazy_yiuf_cottage
D:3:      chequers_temple_overflow_minitemple, minmay_rat_hole
D:4:      minmay_strange_pillars, kennysheep_nub, xom_teletrap_fun,
          uniq_eustachio
D:5:      minmay_fire_ice_demons
D:6:      kennysheep_mini_moat, tgw_trog, eino_tiny_chamber
D:7:      minmay_temple_entry_glassed_door
D:8:      special_room, uniq_joseph
D:9:      enter_bailey_3, uniq_prince_ribbit1
D:10:     lair_entry_dummy, grunt_ogre_cave, lightli_church_of_beogh
D:11:     orc_0_dummy, basic_altar
D:12:     portal_ice_cave_entry_animals_and_master, uniq_gastronok
Lair:1:   beast_lair_carwin_6, infiniplex_staircase_pool, lemuel_fruit_fields

Skill      XL: |  1  2  3  4  5  6  7  8  9 10 11 12 |
---------------+-------------------------------------+-----
Conjurations   | 1 2 3 4 5 |  5.0
Spellcasting   | 3 4 5 6 7 |  7.0
Fire Magic     | 3 4 5 6 |  6.2
Dodging        | 3 4 6 7 8 |  8.6
Fighting       | 3 6 8 10 11 | 11.6
Maces & Flails | 2 3 5 7 8 |  8.2
Throwing       | 3 |  3.2
Invocations    | 3 6 7 9 |  9.2
Stealth        | |  1.4

Action                   |  1- 3 |  4- 6 |  7- 9 | 10-12 || total
-------------------------+-------+-------+-------+-------++-------
Melee: Unarmed           |     5 |       |       |       ||     5
       Dagger            |    52 |    58 |   129 |     5 ||   244
       Mace              |       |       |       |   274 ||   274
       Headbutt          |       |       |       |    54 ||    54
Throw: Large rock        |       |       |     8 |     3 ||    11
 Cast: Flame Tongue      |    52 |   156 |   265 |   323 ||   796
       Throw Flame       |       |     6 |    18 |   109 ||   133
       Sticky Flame      |       |     1 |    10 |    92 ||   103
       Conjure Flame     |       |       |       |     3 ||     3
Invok: Lesser Healing    |       |       |       |     2 ||     2
       Heal Other        |       |       |       |     1 ||     1
       Greater Healing   |       |       |       |     3 ||     3
  Use: Scroll            |       |       |     8 |     6 ||    14
       Potion            |       |       |     2 |     3 ||     5
 Stab: Sleeping          |     2 |       |       |       ||     2
  Eat: Chunk             |     1 |    10 |    24 |    34 ||    69
       Fruit             |       |       |     2 |     6 ||     8
       Royal jelly       |       |       |       |     3 ||     3
       Bread ration      |       |       |       |     2 ||     2
Armor: Robe              |    19 |    58 |    58 |    80 ||   215
Dodge: Dodged            |    57 |   113 |   131 |   405 ||   706
